[Event "*** Titled Tuesday Blitz"]
[Site "Chess.com"]
[Date "2019.02.05"]
[Round "3"]
[White "Supelyel"]
[Black "AttilaTurzo"]
[Result "0-1"]
[WhiteElo "2323"]
[BlackElo "2383"]
[TimeControl "180+2"]
[EndTime "13:36:03 PST"]
[Termination "AttilaTurzo won by resignation"]

1. c4 c6 2. Nf3 d5 3. b3 Bg4 4. e3 Nd7 5. Bb2 Ngf6 6. h3 Bh5 7.
d4 e6 8. Nbd2 Ne4 9. Be2 Bb4 10.
g4 Bg6 11. Rc1 Qa5 12. a3 Bd6 13. b4 Qd8 14. c5 Bc7 15. h4 h6 16. Ne5 Nxe5 17. dxe5 O-O 18. Nxe4 Bxe4 19. f3 Bh7 20. Kf2 f6 21. exf6 gxf6 22. g5 Be5 23. gxh6 Kh8 24. Qd2 Bxb2 25. Qxb2 e5 26. Rcg1 Rf7 27. f4 Qe7 28. fxe5 fxe5+ 29. Ke1 Raf8 30. Rg5 Rf5 31. Rhg1 Qf6 32. Qc3 d4 33. exd4 exd4 34. Qg3 Qxh6 35.
Qc7 R5f7 36. Qe5+ Qf6 37. Qg3 Re7 38. Kd1 d3 39. Bh5 Qa1+ 40. Kd2 Qb2+ 0-1

[Event "*** Titled Tuesday Blitz"]
[Site "Chess.com"]
[Date "2019.02.05"]
[Round "3"]
[White "politeplayer"]
[Black "HouseOfDurin"]
[Result "1-0"]
[WhiteElo "2020"]
[BlackElo "1894"]
[TimeControl "180+2"]
[EndTime "13:36:04 PST"]
[Termination "politeplayer won by resignation"]

1. e4 c5 2. Nf3 Nc6 3. d4 cxd4 4.
Nxd4 e5 5. Nb5 d6 6. N1c3 a6 7. Na3 b5 8. Nd5 Be6 9. c4 b4 10. Qa4 Bd7 11. Nb5 axb5 12. Qxa8 Qxa8 13. Nc7+ Kd8 14. Nxa8 Nd4 15. Kd1 Bc6 16. Nb6 Bxe4 17.
Bg5+ f6 18. Bd2 bxc4 19. Bxc4 Bc2+ 20. Ke1 Bf5 21. Rc1 Nc2+ 22. Kf1 Ne7 23. f3 Nc6 24. Kf2 N6d4 25. Rhd1 Kc7 26. Nd5+ Kb7 27. Nxb4 Nxb4 28.
Bxb4 Nc6 29. Bd5 Bd7 30. Bxc6+ Bxc6 31. Bxd6 Bxd6 32. Rxd6 Rc8 33. b3 Kb6 34. a4 Kb7 35. Ke3 Rc7 36. Rdxc6 Rxc6 37. Rxc6 Kxc6 38. b4 g6 39. b5+ Kc5 40. Ke4 Kd6 41. g4 h5 42.
a5 hxg4 43. fxg4 Kc5 44. a6 Kb6 45. g5 fxg5 46. Kxe5 g4 47. Kf4 Kxb5 48. a7 1-0

[Event "*** Titled Tuesday Blitz"]
[Site "Chess.com"]
[Date "2019.02.05"]
[Round "3"]
[White "VeraNebolsina"]
[Black "DonPreuss"]
[Result "1-0"]
[WhiteElo "2379"]
[BlackElo "2201"]
[TimeControl "180+2"]
[EndTime "13:36:05 PST"]
[Termination "VeraNebolsina won on time"]

1. e4 e5 2. Nf3 d5 3. Nxe5 Bd6 4. d4 dxe4 5. Bc4 Bxe5 6. dxe5 Qxd1+ 7. Kxd1 Nc6 8. Bf4 Bg4+ 9. Kc1 Nge7 10. Re1 Ng6 11. Bg3 O-O-O 12. Nc3 Ngxe5 13. Rxe4 f5 14. Rxe5 Nxe5 15. Bxe5 Rhe8 16. f4 g5 17. g3 h5 18. b3 gxf4 19. gxf4 c6 20. a4 b6 21. Ba6+ Kd7 22. Kb2 Ke6 23. Re1 Kf7 24. Bc4+ Kg6 25. Rg1 h4 26. h3 Kh5 27. Bf7+ Kh6 28. Bxe8 Rxe8 29. hxg4 Rg8 30. g5+ Kh5 31. Nd1 Kg6 32.
Nf2 Rd8 33. Kc3 b5 34. Rh1 Kh5 35. Rh3 a5 36. Rd3 b4+ 37. Kc4 Rg8 38. Rd6 1-0

[Event "*** Titled Tuesday Blitz"]
[Site "Chess.com"]
[Date "2019.02.05"]
[Round "3"]
[White "Rodalquilar"]
[Black "SuperCheese"]
[Result "0-1"]
[WhiteElo "2554"]
[BlackElo "2579"]
[TimeControl "180+2"]
[EndTime "13:36:06 PST"]
[Termination "SuperCheese won on time"]

1. e4 e5 2. Nf3 Nc6 3. Bc4 Bc5 4. c3 Nf6 5. d3 d6 6. Bb3 Bb6 7. Nbd2 Ne7 8. h3 c6 9. O-O O-O 10. d4 Ng6 11. Re1 Re8 12. a4 h6 13. Nc4 Bc7 14.
dxe5 dxe5 15. Qc2 Be6 16. Rd1 Qe7 17. a5 b5 18. axb6 axb6 19. Rxa8 Rxa8 20. Be3 b5 21. Ncd2 Nh5 22. Bxe6 Qxe6 23. Nb3 Rd8 24. Nc5 Qe7 25. b4 Nhf4 26. Kh2 Bd6 27. Ra1 Kh7 28. Qa2 Qf6 29.
Nd2 Bxc5 30. Bxc5 Nd3 31. Nf3 Nxc5 32. bxc5 Qf4+ 33. Kh1 Rd7 34. Qd2 Rxd2 0-1

[Event "*** Titled Tuesday Blitz"]
[Site "Chess.com"]
[Date "2019.02.05"]
[Round "3"]
[White "andy_rekt"]
[Black "NotFischer"]
[Result "0-1"]
[WhiteElo "2137"]
[BlackElo "2123"]
[TimeControl "180+2"]
[EndTime "13:36:06 PST"]
[Termination "NotFischer won on time"]

1. d4 Nf6 2. c4 e6 3. Nc3 d5 4. Nf3 Nbd7 5. Bf4 dxc4 6. e4 Bb4 7. Bxc4 Nxe4 8. O-O Nxc3 9. bxc3 Be7 10. Ne5 Nxe5 11. Bxe5 Bf6 12. Qg4 O-O 13. Rad1 Bxe5 14. dxe5 Qe7 15.
Rd3 Bd7 16. Rg3 g6 17. Rh3 Kg7 18. Bd3 Rh8 19. Qf4 h5 20. Re1 Bc6 21. Rg3 Rad8 22. h4 Rd5 23. Ree3 Ra5 24. Rg5 Be8 25. Reg3 Ra4 26. Qf3 Rxh4 27. Qxb7 Rg4 28. R5xg4 hxg4 29. Rxg4 Qc5 30. Qf3 Qxe5 31. g3 Qe1+ 32. Bf1 Bb5 33.
c4 Be8 34. Qd3 Qe5 35. Re4 Qf5 36. Qd4+ Qf6 37. Qxa7 Bc6 38. Rh4 Rxh4 39. gxh4 Qf3 40. Qd4+ Kh7 0-1

[Event "*** Titled Tuesday Blitz"]
[Site "Chess.com"]
[Date "2019.02.05"]
[Round "3"]
[White "Mbneu"]
[Black "Nathan_Filgueiras"]
[Result "1-0"]
[WhiteElo "2254"]
[BlackElo "2255"]
[TimeControl "180+2"]
[EndTime "13:36:07 PST"]
[Termination "Mbneu won by resignation"]

1. d4 Nf6 2. c4 e6 3. Nc3 Bb4 4. Bg5 h6 5. Bh4 c5 6. d5 g5 7. Bg3 Ne4 8. Be5 f6 9. Qd3 fxe5 10. Qxe4 Qf6 11. Nf3 d6 12. e3 exd5 13. Qxd5 Nc6 14.
O-O-O Bxc3 15. bxc3 Be6 16. Qxd6 e4 17. Nd2 Qxc3+ 18.
Kb1 Qb4+ 19. Nb3 Kf7 20. Qxc5 Rhd8 21. Be2 Rac8 22. Rxd8 Rxd8 23. Qxb4 Nxb4 24. a3 Nd3 25. f3 exf3 26. gxf3 Bxc4 27. Nd4 Ba6 28. Rd1 Nc5 29. Bxa6 Nxa6 30. Rc1 Rd7 31. Rc4 b6 32. Kc2 Nc5 33. Kc3 Kf6 34. e4 Rc7 35. Nb5 Rd7 36. Rd4 Rxd4 37.
Kxd4 a6 38. Nc7 h5 39. Nd5+ Kg6 40. Nxb6 g4 41. fxg4 Ne6+ 42. Ke5 Ng5 43. gxh5+ Kxh5 44.
Kd5 1-0

[Event "*** Titled Tuesday Blitz"]
[Site "Chess.com"]
[Date "2019.02.05"]
[Round "3"]
[White "Lagravesamuell"]
[Black "Annawel"]
[Result "0-1"]
[WhiteElo "2459"]
[BlackElo "2940"]
[TimeControl "180+2"]
[EndTime "13:36:09 PST"]
[Termination "Annawel won by resignation"]

1. d4 d6 2. c4 e5 3. Nf3 e4 4.
Nfd2 f5 5. Nc3 Nf6 6. e3 Be7 7. g3 O-O 8. Bg2 c5 9. O-O Nc6 10. Nb3 Bd7 11. f3 cxd4 12. exd4 exf3 13. Qxf3 Rc8 14.
Bf4 Nb4 15. Qe2 Re8 16. Rfd1 Bf8 17. Qf1 Bc6 18. d5 Qb6+ 19. Kh1 Ng4 20. Rd2 Bd7 21. Nd4 Kh8 22. a3 Na6 23. b4 Ne5 24. Bxe5 Rxe5 25. Nf3 Re3 26. Rc1 Rce8 27. Nd4 g6 28. Ncb5 Bg7 29. Rdd1 h5 30. Qf4 R3e5 31. Nf3 Bxb5 32. cxb5 Re4 33. Qg5 Rg4 34. Qd2 Qxb5 35. Bf1 Qa4 36. Re1 Rge4 37. Bd3 Rxe1+ 38. Rxe1 Nc7 39. Nh4 Kh7 40. Rf1 Qb3 41. Nxg6 Qxd5+ 42. Kg1 Bd4+ 43. Rf2 Bxf2+ 0-1

[Event "*** Titled Tuesday Blitz"]
[Site "Chess.com"]
[Date "2019.02.05"]
[Round "3"]
[White "djogrodek1"]
[Black "ezkybel"]
[Result "1-0"]
[WhiteElo "2416"]
[BlackElo "2268"]
[TimeControl "180+2"]
[EndTime "13:36:10 PST"]
[Termination "djogrodek1 won on time"]

1. c4 e5 2. g3 Nf6 3. Bg2 Nc6 4.
Nc3 Bb4 5. Nd5 O-O 6. e3 Be7 7. Ne2 d6 8. O-O Nxd5 9. cxd5 Nb8 10. d4 Nd7 11. b3 Bf6 12. Bb2 Re8 13. dxe5 Bxe5 14. Qd2 a5 15. Rac1 Nc5 16. Rc4 b5 17.
Rcc1 b4 18. Nd4 Bd7 19. e4 Bxd4 20. Qxd4 f6 21. Rfe1 Bb5 22. Rcd1 Qd7 23. f4 a4 24. bxa4 Rxa4 25. e5 fxe5 26. fxe5 b3 27. Qc3 Rxa2 28. exd6 Rxe1+ 29. Rxe1 Rxb2 30. dxc7 Rxg2+ 31. Kxg2 Qxd5+ 32. Qf3 Qxf3+ 33. Kxf3 Bc6+ 34. Ke3 Bb7 35. Kd4 Nd7 36. Rb1 1-0

[Event "*** Titled Tuesday Blitz"]
[Site "Chess.com"]
[Date "2019.02.05"]
[Round "3"]
[White "Fenil1995"]
[Black "twitchTriniCupid"]
[Result "1-0"]
[WhiteElo "2191"]
[BlackElo "2243"]
[TimeControl "180+2"]
[EndTime "13:36:11 PST"]
[Termination "Fenil1995 won on time"]

1. d4 Nf6 2. Nf3 e6 3. g3 b6 4. Bg2 c6 5. O-O d5 6. b3 Be7 7. Bb2 O-O 8. Nbd2 Ba6 9. c4 Nbd7 10. Rc1 Rc8 11. Ne5 Nxe5 12. dxe5 Nd7 13. f4 Nc5 14. Qc2 dxc4 15. Nxc4 Qc7 16. e3 Rcd8 17. Bd4 Nd7 18. Rfd1 c5 19. Ba1 Nb8 20. f5 exf5 21. Qxf5 Nc6 22. e6 f6 23. Rd7 Rxd7 24. exd7 Kh8 25. Qe6 Bb7 26. Bxc6 Bxc6 27. Qxe7 Qd8 28. Qd6 Bxd7 29.
Rd1 Qe8 30. Qxd7 Qh5 31. Qd6 Re8 32. Rd2 Qf5 33. Qd7 Qg6 34. Nd6 Rf8 35. Nf5 h6 36. Qe7 Rg8 37. Qe6 Re8 38. Qd7 Kh7 39. Nxg7 1-0

[Event "*** Titled Tuesday Blitz"]
[Site "Chess.com"]
[Date "2019.02.05"]
[Round "3"]
[White "Federtiu"]
[Black "Angry_Serb"]
[Result "1-0"]
[WhiteElo "2637"]
[BlackElo "2531"]
[TimeControl "180+2"]
[EndTime "13:36:12 PST"]
[Termination "Federtiu won by resignation"]

1. e4 e5 2. Nf3 Nc6 3. a3 Nf6 4.
Nc3 d5 5. exd5 Nxd5 6. Bc4 Nxc3 7. bxc3 Bd6 8. O-O O-O 9. d3 Qf6 10. Nd2 Qg6 11. Ne4 Bd7 12. Rb1 b6 13. Qf3 Rad8 14.
Bg5 Rde8 15. Rfe1 Na5 16. Ba2 Bxa3 17. h4 h5 18. Re3 Bc5 19. Nxc5 bxc5 20. Ra1 Bg4 21.
Qg3 Nc6 22. Bd5 Ne7 23. Bxe7 Rxe7 24. Rxe5 Rxe5 25. Qxe5 Qb6 26. c4 g6 27. Qe7 c6 28.
Be4 Qb2 29. Re1 Qxc2 30. Qxa7 Qd2 31. Re3 Be2 32. Kh2 Bg4 33. Qxc5 Qxf2 34. Qg5 Kg7 35.
Qe5+ f6 36. Qg3 Qxg3+ 37. Kxg3 c5 38. Bd5 g5 39. Re7+ Kg6 40. Rc7 gxh4+ 41. Kxh4 Bf5 42. Rxc5 Bxd3 43. Rc7 Be2 44. Re7 Rc8 45. Rxe2 1-0

[Event "*** Titled Tuesday Blitz"]
[Site "Chess.com"]
[Date "2019.02.05"]
[Round "3"]
[White "AndrewMcStone"]
[Black "Perecke"]
[Result "0-1"]
[WhiteElo "2120"]
[BlackElo "2053"]
[TimeControl "180+2"]
[EndTime "13:36:14 PST"]
[Termination "Perecke won on time"]

1. d4 d5 2. c4 e6 3. Nc3 Nf6 4.
cxd5 exd5 5. Bg5 Be7 6. e3 O-O 7. Bd3 c6 8. Qc2 h6 9. Bh4 Re8 10. Nge2 Ne4 11. Bxe7 Qxe7 12. O-O Bf5 13. Rae1 Bg6 14.
Nf4 Nxc3 15. Nxg6 fxg6 16. bxc3 g5 17. Bh7+ Kh8 18. Bg6 Rf8 19. e4 dxe4 20. Bxe4 Qc7 21. Bf5 Na6 22. Re5 Rae8 23. Rfe1 Rxe5 24. Rxe5 c5 25.
Bd3 cxd4 26. cxd4 Qxc2 27. Bxc2 Rc8 28. Re2 Nb4 29. Bd1 Rc1 30. Rd2 Nd5 31. Kf1 Kg8 32. Ke1 Kf7 33. Rc2 Rxc2 34. Bxc2 Ke7 35. Bb3 Kd6 36.
Kd2 Nf6 37. f3 Nh5 38. Ke3 Nf4 39. g3 Nd5+ 40. Kd3 b5 0-1

[Event "*** Titled Tuesday Blitz"]
[Site "Chess.com"]
[Date "2019.02.05"]
[Round "3"]
[White "AsaHoffmann"]
[Black "manuellarrea"]
[Result "0-1"]
[WhiteElo "2181"]
[BlackElo "2057"]
[TimeControl "180+2"]
[EndTime "13:36:15 PST"]
[Termination "manuellarrea won by resignation"]

1. d4 Nf6 2. Bg5 Ne4 3. Bf4 c5 4. f3 Nf6 5. dxc5 Qa5+ 6. Nc3 Qxc5 7. e4 d6 8. Qd2 Nc6 9. Nb5 Nb4 10. c3 Na6 11. Be3 Qe5 12. O-O-O g6 13. g4 Bg7 14. Bc4 Be6 15. Bd4 Bxc4 16. Bxe5 dxe5 17. Na3 Bxa2 18. g5 h5 19. Ne2 Nc5 20. Qe3 Nfd7 21. b4 Na6 22. Kb2 Be6 23. h4 O-O 24. f4 exf4 25.
Nxf4 Bg4 26. Rc1 Nxb4 27. Nb5 Nb6 28. Qc5 Na4+ 29. Kb3 Nxc5+ 30. Kxb4 Nxe4 31. Rhe1 Bf5 32. Nd5 a5+ 33. Ka3 e6 34. Ne7+ Kh7 35. Nxf5 exf5 36. c4 Rfe8 37. c5 Bf8 38. Nc7 Rac8 39. Nxe8 Rxe8 40.
Ka4 Ra8 41. Kb5 a4 42. Red1 a3 43. Rd7 a2 44. Rxf7+ Kg8 45. Rxb7 a1=Q 46. Rxa1 Rxa1 47. c6 Nd6+ 48. Kb6 Nxb7 49. cxb7 Rb1+ 50. Kc7 f4 0-1

[Event "*** Titled Tuesday Blitz"]
[Site "Chess.com"]
[Date "2019.02.05"]
[Round "3"]
[White "DoHoChess"]
[Black "Shukh_Nikolay"]
[Result "0-1"]
[WhiteElo "2607"]
[BlackElo "2395"]
[TimeControl "180+2"]
[EndTime "13:36:26 PST"]
[Termination "Shukh_Nikolay won by resignation"]

1. Nf3 Nf6 2. c4 g6 3. Nc3 Bg7 4. e4 d6 5. d4 O-O 6. Be2 c6 7. O-O a6 8. Be3 b5 9. e5 Nfd7 10. exd6 exd6 11. b3 b4 12. Ne4 Nf6 13. Bg5 Re8 14.
Bd3 Bf5 15. Re1 Bxe4 16. Bxe4 h6 17. Bxf6 Qxf6 18. Qd2 a5 19. a3 bxa3 20. Rxa3 Ra7 21. Raa1 Rae7 22. Bc2 c5 23. dxc5 Re2 24. Qxa5 Nc6 25.
Rxe2 Rxe2 26. Qa8+ Kh7 27. Rf1 dxc5 28. Bd1 Rb2 29.
Qc8 Nd4 30. Nxd4 Qxd4 31. h3 Qf4 32. Qxc5 Bd4 33. Qd5 Rxf2 34. Rxf2 Qxf2+ 35. Kh2 Qg1+ 36. Kg3 Qe1+ 37. Kf4 Qe3+ 38. Kg4 h5+ 39. Kh4 Bf6+ 0-1

[Event "*** Titled Tuesday Blitz"]
[Site "Chess.com"]
[Date "2019.02.05"]
[Round "3"]
[White "ITheOnlyME"]
[Black "MissingLife"]
[Result "0-1"]
[WhiteElo "2271"]
[BlackElo "2468"]
[TimeControl "180+2"]
[EndTime "13:36:29 PST"]
[Termination "MissingLife won by resignation"]

1. d4 Nf6 2. Bf4 e6 3. e3 c5 4. c3 b6 5. Nf3 Bb7 6. Nbd2 Be7 7. Bd3 cxd4 8. exd4 d6 9. O-O O-O 10. Re1 a6 11. h3 b5 12. a4 bxa4 13. Rxa4 Nbd7 14. Qa1 Nb6 15. Ra2 Nbd5 16. Bh2 a5 17. Ne4 Qb6 18. Nfd2 Nxe4 19. Bxe4 a4 20. Nc4 Qa6 21. b3 Qb5 22. Nxd6 Bxd6 23. Bxd6 axb3 24. Rxa8 Rxa8 25. Qb1 Nxc3 26.
Bxh7+ Kh8 27. Qd3 b2 28. Qxb5 Nxb5 29. Be5 Kxh7 30. d5 Ra1 31. Rxa1 bxa1=Q+ 32. Bxa1 Bxd5 33. Kh2 g6 34. Kg3 Na3 35. h4 Nc2 36. Bc3 Na3 37. Kh3 Nb5 38. Bb2 Nd6 39. g3 Bf3 40. g4 Ne4 41. Bd4 Kg8 42. Be3 Kf8 43. g5 Ke8 44.
Bd4 Kd7 45. Be3 Kc6 46. Bd4 Kb5 47. Be3 Ka4 48. Bd4 Kb3 49. Be3 Kc2 50. Kh2 Kd1 51.
Kg1 Ke2 52. Bd4 Bh5 53. Be3 Kf3 54. Bd4 Kg4 55. Kg2 Kxh4 56. f4 Kg4 57. Be5 Nd2 58.
Kf2 Nc4 59. Bc7 Kf5 60. Kg3 Ne3 61. Bb8 Nd5 62. Be5 Ke4 63. Bb8 Kf5 64. Be5 f6 65.
gxf6 Nxf6 66. Bb8 Nd7 67. Bd6 Nb6 68. Bc7 Na4 69. Bd6 Nc3 70. Bb8 Ne2+ 71. Kh4 Nxf4 72. Ba7 e5 73. Be3 e4 0-1

[Event "*** Titled Tuesday Blitz"]
[Site "Chess.com"]
[Date "2019.02.05"]
[Round "3"]
[White "JoakimVonAnd"]
[Black "ajkom197"]
[Result "1/2-1/2"]
[WhiteElo "2322"]
[BlackElo "2427"]
[TimeControl "180+2"]
[EndTime "13:36:29 PST"]
[Termination "Game drawn by repetition"]

1. d4 d5 2. c4 c6 3. Nf3 Nf6 4. Qc2 g6 5. Bf4 Bg7 6. e3 Bf5 7. Qb3 Qc8 8. Nc3 O-O 9. Rc1 e6 10. cxd5 exd5 11. Nb5 cxb5 12. Rxc8 Rxc8 13. Be2 Rc1+ 14.
Bd1 Bc2 15. Qc3 Nc6 16. Ke2 Ne4 17. Qxc2 Rxc2+ 18. Bxc2 Rc8 19. Bb3 Ne7 20. Ne5 a5 21. f3 Nd6 22. Nxg6 hxg6 23. Bxd6 a4 24. Bd1 Nf5 25. Bf4 Rc1 26. Kd2 Ra1 27. a3 Bf8 28. Rf1 b4 29. axb4 Bxb4+ 30. Kc2 a3 31. bxa3 Rxa3 32.
Be2 Nxe3+ 33. Bxe3 Rxe3 34. Bd3 Re1 35. Rxe1 Bxe1 36.
Kb3 Bf2 37. Kc3 Kf8 38. Bb5 Ke7 39. h3 f6 40. Ba4 g5 41. Kd3 Kd6 42. Kc3 f5 43.
Bc2 f4 44. Ba4 Kc7 45. Bb3 Kc6 46. Ba2 b5 47. Bb3 Be1+ 48. Kd3 b4 49. Ke2 Bc3 50. Kd3 Kd6 51. Ba2 Be1 52. Bb3 Bc3 53. Ba2 Be1 54.
Bb3 Bc3 55. Ba2 1/2-1/2

[Event "*** Titled Tuesday Blitz"]
[Site "Chess.com"]
[Date "2019.02.05"]
[Round "3"]
[White "GataKamsky1974"]
[Black "Peng_Li-Min"]
[Result "1/2-1/2"]
[WhiteElo "2728"]
[BlackElo "2680"]
[TimeControl "180+2"]
[EndTime "13:36:30 PST"]
[Termination "Game drawn by agreement"]

1. d4 Nf6 2. Nf3 g6 3. Bf4 Bg7 4. c3 O-O 5. h3 d6 6. Nbd2 Nc6 7. e4 Nh5 8. Bg5 h6 9. Be3 e5 10. dxe5 Nxe5 11. Be2 Nxf3+ 12. Bxf3 Nf6 13. O-O Re8 14. Re1 Nd7 15. Bd4 Nc5 16. Nb3 Nxb3 17. Qxb3 Qg5 18. Be3 Qa5 19. a4 Re7 20. Red1 Qe5 21. a5 a6 22. Qb4 Qb5 23. Qa3 Be6 24. Rd2 Rae8 25. Rc1 Bc4 26. Bd1 Qd7 27. Ba4 Bb5 28.
Bxb5 Qxb5 29. f3 f5 30. c4 Qc6 31. b4 fxe4 32. f4 Rf7 33. Qb3 Kh7 34. Rdd1 Qd7 35. b5 Qc8 36. c5 Rd7 37. cxd6 axb5 38. Qxb5 c6 39. Qc4 Qd8 40. Qb4 Qa8 41. Rc4 Bf8 42.
Rxe4 Bxd6 43. Qc4 Rxe4 44. Qxe4 Re7 45. Qd3 Bc7 46. f5 Qe8 47. fxg6+ Qxg6 48. Qxg6+ Kxg6 49. Bc5 Rf7 1/2-1/2

[Event "*** Titled Tuesday Blitz"]
[Site "Chess.com"]
[Date "2019.02.05"]
[Round "3"]
[White "gemarin"]
[Black "PawnEatingZombie"]
[Result "1-0"]
[WhiteElo "2079"]
[BlackElo "2123"]
[TimeControl "180+2"]
[EndTime "13:36:30 PST"]
[Termination "gemarin won by resignation"]

1. d4 d5 2. c4 e6 3. Nc3 Bb4 4. Nf3 dxc4 5. Qa4+ Nc6 6. Ne5 Ne7 7. e3 O-O 8. Nxc6 Nxc6 9. Bxc4 Bd7 10. Qc2 a6 11.
a3 Bd6 12. O-O e5 13. d5 Ne7 14. e4 Ng6 15. Bd2 Qh4 16. Rae1 f5 17. f3 f4 18. Re2 Bc5+ 19. Kh1 Kh8 20. Be1 Qh5 21. b4 Bd4 22. Bf2 Bxf2 23. Rexf2 Rf6 24. Ne2 Ne7 25. g4 fxg3 26. Nxg3 Qh3 27. f4 exf4 28. Rxf4 Rxf4 29. Rxf4 Ng6 30. Rf2 Ne5 31. Bf1 Qh6 32. Qxc7 Qe3 33. Re2 Qf3+ 34. Bg2 Qf6 35. Kg1 Rf8 36. Qc5 Bb5 37.
Rf2 Qxf2+ 38. Qxf2 Rxf2 39. Kxf2 g6 40. h3 Kg7 41.
Ke3 Kf6 42. Kd4 Nd7 43. Nh1 h5 44. Nf2 g5 45. Nd1 g4 46. hxg4 hxg4 47. Ne3 Kg5 48. e5 Kf4 49. e6 Nf6 50. d6 1-0

[Event "*** Titled Tuesday Blitz"]
[Site "Chess.com"]
[Date "2019.02.05"]
[Round "3"]
[White "Angry_Twin"]
[Black "leoo2001"]
[Result "0-1"]
[WhiteElo "2787"]
[BlackElo "2760"]
[TimeControl "180+2"]
[EndTime "13:36:31 PST"]
[Termination "leoo2001 won by resignation"]

1. e4 e5 2. Nf3 Nc6 3. Bc4 Bc5 4. O-O Nf6 5. d3 d6 6. c3 a6 7.
a4 Ba7 8. Re1 h6 9. Nbd2 O-O 10.
h3 Be6 11. b4 Re8 12. Bxe6 Rxe6 13. Nb3 d5 14. Qc2 Qd7 15. b5 Ne7 16. exd5 Nexd5 17. Nxe5 Qe8 18. d4 Nd7 19. Bb2 Nxe5 20. dxe5 Rg6 21. Qe4 Qe6 22. c4 Nb4 23. Qxb7 Bxf2+ 24. Kxf2 Nd3+ 25. Kg1 Re8 26. Qe4 Nxb2 27. Nc5 Qb6 28. Qd4 Nd3 29. Qxd3 Qxc5+ 30. Kh1 Rxe5 31. Rxe5 Qxe5 32.
Rf1 a5 33. Qf3 Kh7 34. Qxf7 Qe2 35. Qf3 Qxc4 36. Qf5 Qxa4 37. Rc1 Qb4 38. Kh2 Qd2 39.
Rg1 a4 40. h4 Qd6+ 41. g3 Qe6 42. Qc2 h5 43. Qxa4 Rg4 44. Qc2+ Kh6 45. Qxc7 Re4 46. Qc6 Qxc6 47. bxc6 Rc4 0-1

[Event "*** Titled Tuesday Blitz"]
[Site "Chess.com"]
[Date "2019.02.05"]
[Round "3"]
[White "Lagmantr"]
[Black "Kurai"]
[Result "1-0"]
[WhiteElo "2512"]
[BlackElo "2486"]
[TimeControl "180+2"]
[EndTime "13:36:31 PST"]
[Termination "Lagmantr won by resignation"]

1. e4 e5 2. Nf3 Nc6 3. Nc3 Nf6 4. Be2 d6 5. d4 Be7 6. dxe5 Nxe5 7. Nxe5 dxe5 8. Qxd8+ Bxd8 9. O-O O-O 10. f4 exf4 11.
Bxf4 c6 12. Rad1 Re8 13. Kh1 Bg4 14. Bxg4 Nxg4 15. h3 Ne5 16. Bxe5 Rxe5 17. Rd7 Re7 18. Rfd1 Rxd7 19. Rxd7 Rb8 20. e5 Kf8 21. Ne4 Be7 22.
Nd6 Bxd6 23. exd6 Ke8 24. Re7+ Kf8 25. c4 c5 26. Rd7 a5 27. Kh2 b6 28. Rc7 Ke8 29.
Kg3 Rd8 30. Rc6 Rb8 31. Kf4 Kd7 32. Rc7+ Ke6 33. Re7+ Kf6 34. Ke4 b5 35. cxb5 Rxb5 36. Kd5 Rxb2 37. Kxc5 Rxa2 38. g4 Rc2+ 39. Kb6 Rd2 40. Kc7 Rc2+ 41. Kb8 Rd2 42. Kc7 Rc2+ 43. Kd8 Rd2 44. d7 a4 45. Ke8 h5 46. gxh5 Kg5 47. Rxf7 a3 48. d8=Q+ Rxd8+ 49. Kxd8 a2 50. Ra7 Kxh5 51. Rxa2 g5 52. Ra4 1-0

[Event "*** Titled Tuesday Blitz"]
[Site "Chess.com"]
[Date "2019.02.05"]
[Round "3"]
[White "Vugar_Manafov"]
[Black "AndrBaryshpolets"]
[Result "0-1"]
[WhiteElo "2382"]
[BlackElo "2605"]
[TimeControl "180+2"]
[EndTime "13:36:33 PST"]
[Termination "AndrBaryshpolets won by resignation"]

1. d4 Nf6 2. Nf3 d5 3. c4 e6 4. Nc3 c6 5. Bf4 dxc4 6. e4 b5 7. Qc2 Bb7 8. O-O-O Na6 9. Ne5 Be7 10. g4 O-O 11. g5 Nh5 12. Be3 Bxg5 13. Rg1 Bxe3+ 14. fxe3 f6 15. Ng4 Qe7 16. Qg2 e5 17. Be2 Kh8 18. dxe5 fxe5 19. Nh6 gxh6 20. Bxh5 Nc5 21. Be2 Rad8 22.
Rxd8 Rxd8 23. Qh3 b4 24. Nd1 Nd3+ 25. Kb1 c5 26. Bxd3 cxd3 27. Qxh6 Bxe4 28. Qh5 d2+ 29. Ka1 c4 30. Qg4 Bd3 31. h4 Qf7 32. Qg5 Re8 33. h5 Qe7 34. Qg4 a5 35. h6 a4 36. Qh5 Rf8 37. Rg7 Qf6 38. Qg4 a3 39. Qg3 axb2+ 40.
Nxb2 Qf1+ 41. Nd1 Qxd1+ 0-1

[Event "*** Titled Tuesday Blitz"]
[Site "Chess.com"]
[Date "2019.02.05"]
[Round "3"]
[White "HanSchut"]
[Black "xberli"]
[Result "0-1"]
[WhiteElo "2292"]
[BlackElo "2530"]
[TimeControl "180+2"]
[EndTime "13:36:33 PST"]
[Termination "xberli won by resignation"]

1. e4 c5 2. Nf3 d6 3. d4 cxd4 4. Nxd4 Nf6 5. f3 g6 6. c4 Bg7 7. Be3 O-O 8. Qd2 Nc6 9. Nc3 Bd7 10. Rc1 Rc8 11. Be2 Re8 12. O-O a6 13. Rfd1 Qa5 14.
Rc2 h5 15. Rb1 Kh7 16. b4 Qd8 17. Nxc6 Bxc6 18. a4 Bd7 19. Bf1 Be6 20. Nd5 Nxd5 21. exd5 Bf5 22. Bd3 Qd7 23. a5 e5 24. Rbc1 e4 25.
fxe4 Bxe4 26. Bxe4 Rxe4 27. Bf2 Rce8 28. Qd3 Bh6 29.
Rf1 h4 30. c5 h3 31. c6 bxc6 32. dxc6 Qg4 33. Qxh3 Qxh3 34. gxh3 Rxb4 35. c7 Rc8 36. Bb6 Kg8 37. Rd1 Bf4 38. Kg2 Be5 39. Rf2 Kf8 40. Re2 f6 41. Kf3 Ke7 42. Re4 Rb3+ 43. Re3 Rb2 44. Re2 Rb5 45. Rd3 Ke6 46. Red2 d5 47.
Rc2 Kd7 48. Rcd2 Kd6 49. Rc2 f5 50. h4 Rb1 51. Kg2 Rb2 52. Rxb2 Bxb2 53. Rg3 Rg8 54. h5 g5 55. h6 g4 56. Rb3 Be5 57. h7 Rc8 58.
Bd4 Bxd4 59. Rb8 Rxc7 60. Rd8+ Kc5 61. h8=Q Bxh8 62. Rxh8 Rd7 0-1

[Event "*** Titled Tuesday Blitz"]
[Site "Chess.com"]
[Date "2019.02.05"]
[Round "3"]
[White "FelixBlohberger"]
[Black "Andreikka"]
[Result "1-0"]
[WhiteElo "2662"]
[BlackElo "2895"]
[TimeControl "180+2"]
[EndTime "13:36:35 PST"]
[Termination "FelixBlohberger won on time"]

1. e4 e5 2. Nf3 Nc6 3. Bb5 a6 4.
Ba4 Nf6 5. O-O Be7 6. Re1 b5 7. Bb3 O-O 8. a4 b4 9. a5 d6 10. d3 Be6 11. Bxe6 fxe6 12. h3 Rb8 13. Be3 Rb5 14.
Nbd2 Rxa5 15. Rxa5 Nxa5 16. Qa1 c5 17. Qa2 Nc6 18.
Qxe6+ Kh8 19. Ra1 a5 20. Nc4 Qc7 21. Ncd2 Ra8 22. b3 Nd8 23. Qc4 Qd7 24. Bg5 Ne6 25. Bxf6 gxf6 26. Qd5 Ra6 27. Nc4 Bd8 28. Ne3 Kg7 29.
Nf5+ Kf8 30. g3 Be7 31. Nd2 Ra7 32. Qc4 Nc7 33. Nxe7 Qxe7 34. Kg2 Qd7 35. Nf1 Ke7 36. Ne3 Qe6 37. Nf5+ Kd7 38. Ng7 Qxc4 39. dxc4 Na8 40. Nf5 1-0

[Event "*** Titled Tuesday Blitz"]
[Site "Chess.com"]
[Date "2019.02.05"]
[Round "3"]
[White "snowlord"]
[Black "Abund"]
[Result "0-1"]
[WhiteElo "2700"]
[BlackElo "2542"]
[TimeControl "180+2"]
[EndTime "13:36:35 PST"]
[Termination "Abund won by resignation"]

1. e4 c5 2. Nf3 Nc6 3. d4 cxd4 4. Nxd4 Nf6 5. Nc3 e5 6. Ndb5 d6 7. Bg5 a6 8. Na3 b5 9. Nd5 Be7 10. Bxf6 Bxf6 11. c3 Rb8 12. Nc2 Bg5 13. h4 Bxh4 14.
Ncb4 Nxb4 15. cxb4 Be6 16. a4 Bg5 17. axb5 axb5 18.
Bd3 Bxd5 19. exd5 h6 20. Ra6 O-O 21. g3 e4 22. Bxe4 Re8 23. Qg4 Qc8 24. Qxc8 Rbxc8 25. O-O Rxe4 26. Rxd6 Rxb4 27. Rd1 Rxb2 28. Rb6 Rd8 29. d6 Rd2 30. Rxd2 Bxd2 31. Kg2 b4 32. Kf3 f5 33. g4 fxg4+ 34. Kxg4 Kf7 35. Kf5 g6+ 36. Ke5 Bc3+ 37. Kd5 Kf6 38. Kc5 Ke6 39. f4 Rc8+ 40. Kb5 Kd7 41. Ka4 Rc6 42. Rb7+ Kxd6 43.
Rh7 Kc5 44. Rxh6 Kc4 45. Ka5 b3+ 0-1

[Event "*** Titled Tuesday Blitz"]
[Site "Chess.com"]
[Date "2019.02.05"]
[Round "3"]
[White "wadsy27"]
[Black "AkibaRubi"]
[Result "1-0"]
[WhiteElo "2312"]
[BlackElo "2578"]
[TimeControl "180+2"]
[EndTime "13:36:35 PST"]
[Termination "wadsy27 won by resignation"]

1. c4 e6 2. g3 d5 3. Bg2 Nf6 4.
Nf3 c6 5. O-O Be7 6. b3 O-O 7.
Bb2 b6 8. d3 Bb7 9. Qc2 c5 10.
Ne5 Nbd7 11. Nd2 Rb8 12. Ndf3 d4 13. Nxd7 Nxd7 14. e3 e5 15. exd4 exd4 16. Rfe1 Bf6 17. Bc1 Re8 18. Bf4 Rc8 19. Rxe8+ Qxe8 20. Re1 Qd8 21.
Qe2 Nf8 22. Be5 Ng6 23. Bxf6 Qxf6 24. h4 h6 25. Nd2 Bxg2 26. Kxg2 Qc6+ 27. Qf3 Qxf3+ 28.
Kxf3 Kf8 29. h5 Ne7 30. Ne4 Nc6 31. Nd6 Rd8 32. Nf5 Rd7 33. g4 Nb4 34. Rd1 Nxa2 35. Kg3 Nb4 36. f4 Nc6 37. g5 Ne7 38. Kg4 Nxf5 39.
Kxf5 hxg5 40. fxg5 Re7 41. h6 gxh6 42. gxh6 Kg8 43.
Rg1+ Kh7 44. Kf6 Re6+ 45. Kxf7 Kxh6 46. Kxe6 1-0